Map: Jagannatha LE

Players

SlooTh - Winner!

  • Race: Zerg Zerg
  • League: Master
  • Spawn Location: 7:00

CholmesInk

  • Race: Zerg Zerg
  • League: Diamond
  • Spawn Location: 1:00

VOD

Have the link to the VOD?

Description

Time

  • Played on: Jan. 18, 2021, 1:51 p.m.
  • Length: 14:11
Show
View Real Time Build Order
Export as new Build Order

SlooTh Zerg - Winner!

Build Orders: Hatch First 

Get SALT Encoding   

  12  0:00  Drone  
  13  0:13  Overlord  
  13  0:17  Drone  
  14  0:31  Drone  
  14  0:32  Drone  
  16  0:47  Hatchery  
  15  0:52  Drone  
  15  0:55  Drone  
  17  0:59  Drone  
  18  1:13  Spawning Pool  
  18  1:15  Extractor  
  16  1:19  Drone  
  16  1:20  Drone  
  18  1:30  Drone  
  19  2:00  Queen  
  19  2:01  Queen  
  23  2:02  Zergling x2  
  23  2:05  Overlord  
  24  2:09  Drone x2  
  26  2:16  Metabolic Boost  
  26  2:25  Drone x2  
  26  2:27  Drone x2  
  30  2:34  Zergling x2  
  31  2:39  Baneling Nest  
  30  2:46  Drone x2  
  30  2:48  Queen  
  30  2:51  Spine Crawler  
  32  3:04  Drone x2  
  34  3:07  Extractor  
  33  3:13  Lair, Drone x2  
  33  3:14  Drone  
  36  3:20  Overlord  
  36  3:35  Extractor  
  36  3:37  Extractor  
  36  3:38  Drone x2  
  36  3:40  Drone  
  37  3:42  Zergling x8  
  37  3:43  Baneling x2  
  37  3:46  Drone x2  
  43  3:48  Overlord  
  43  3:49  Drone  
  44  4:02  Overlord  
  44  4:13  Overlord  
  44  4:16  Drone  
  44  4:17  Spire  
  44  4:23  Drone x4  
  46  4:27  Drone x3  
  46  4:28  Drone  
  50  4:47  Hatchery  
  50  4:52  Zergling x2  
  50  4:53  Zergling x6  
  50  4:56  Zergling x4  
  55  5:02  Overlord  
  55  5:09  Overseer  
  55  5:13  Drone x2  
  55  5:14  Drone x2  
  58  5:19  Overlord  
  59  5:29  Mutalisk x4  
  59  5:32  Overlord  
  67  5:36  Zerg Flyer Weapons Level 1  
  67  5:48  Mutalisk x4  
  72  5:57  Mutalisk x2  
  75  6:09  Queen, Mutalisk  
  78  6:17  Drone  
  78  6:18  Mutalisk  
  78  6:19  Evolution Chamber  
  78  6:22  Drone  
  78  6:23  Zergling x14  
  85  6:26  Mutalisk  
  87  6:36  Mutalisk  
  89  6:43  Drone  
  89  6:45  Overlord  
  89  6:46  Extractor  
  89  6:48  Spore Crawler  
  89  6:50  Queen  
  89  6:51  Spore Crawler  
  89  6:52  Drone  
  89  6:53  Overlord  
  90  6:57  Pneumatized Carapace  
  90  7:04  Mutalisk x2  
  92  7:09  Drone  
  92  7:12  Drone x4  
  92  7:13  Drone x2  
  92  7:15  Drone x2  
  101  7:18  Spore Crawler  
  101  7:21  Mutalisk  
  102  7:30  Mutalisk x2  
  102  7:32  Overlord  
  96  7:46  Overlord, Drone  
  96  7:47  Overlord  
  96  7:49  Zerg Flyer Armor Level 1  
  96  7:50  Queen  
  99  7:55  Mutalisk  
  99  7:58  Mutalisk  
  103  8:08  Mutalisk  
  103  8:10  Drone x7  
  112  8:14  Mutalisk  
  114  8:21  Mutalisk  
  116  8:28  Drone x3  
  116  8:31  Drone  
  116  8:32  Extractor, Drone  
  116  8:33  Drone  
  116  8:34  Overlord x2  
  121  8:35  Overseer x2  
  121  8:51  Hatchery  
  121  8:53  Mutalisk x3  
  126  8:59  Zergling x10  
  126  9:01  Mutalisk  
  129  9:09  Drone x2  
  132  9:10  Drone  
  132  9:11  Spore Crawler  
  132  9:13  Drone x2, Spine Crawler  
  132  9:14  Overseer  
  132  9:20  Zergling x8  
  132  9:24  Drone  
  137  9:25  Zerg Melee Weapons Level 1  
  137  9:27  Overlord  
  137  9:29  Overlord  
  137  9:44  Drone x2  
  137  9:45  Drone x4  
  127  9:48  Mutalisk  
  128  9:53  Zergling x6  
  128  9:54  Zergling x2  
  128  9:55  Drone x4  
  128  9:59  Mutalisk  
  138  10:04  Mutalisk  
  138  10:05  Drone  
  141  10:09  Baneling x5  
  141  10:13  Mutalisk  
  143  10:20  Drone x3  
  145  10:25  Zergling x4  
  145  10:26  Zergling x4  
  139  10:33  Hatchery  
  138  10:36  Drone x3  
  138  10:42  Zerg Flyer Armor Level 2  
  141  10:46  Baneling  
  141  10:47  Baneling x5  
  141  10:48  Zergling x2, Baneling  
  142  10:55  Mutalisk, Overlord  
  144  11:00  Mutalisk x2  
  144  11:01  Mutalisk  
  144  11:03  Zergling x2  
  151  11:07  Mutalisk  
  153  11:18  Mutalisk x4  
  155  11:22  Overlord x2  
  161  11:31  Overlord x2  
  161  11:37  Baneling x4  
  160  11:42  Mutalisk x3, Drone x2  
  160  11:46  Drone x6  
  170  11:53  Queen  
  170  11:54  Drone  
  171  11:55  Spore Crawler  
  170  12:06  Mutalisk x3  
  176  12:09  Baneling x5  
  176  12:11  Zergling x12  
  182  12:16  Drone x4  
  182  12:23  Mutalisk x2  
  182  12:26  Zergling x2  
  182  12:27  Zergling x8  
  171  12:30  Mutalisk  
  165  12:38  Mutalisk  
  161  12:44  Mutalisk  
  161  12:46  Zergling x14  
  161  12:50  Drone x3  
  158  12:53  Queen  
  158  12:57  Extractor  
  157  12:58  Extractor  
  157  13:02  Mutalisk x3  
  160  13:06  Hatchery  
  160  13:10  Mutalisk  
  157  13:14  Zergling x8  
  161  13:22  Mutalisk x2  
  164  13:28  Baneling  
  164  13:29  Baneling x2  
  156  13:34  Drone  
  156  13:35  Drone x9  
  166  13:48  Infestation Pit, Drone  
  165  13:49  Drone x3  
Show
View Real Time Build Order
Export as new Build Order

CholmesInk Zerg 

Build Orders: Hatch First, Muta Ling Bane 

Get SALT Encoding   

  12  0:00  Drone  
  13  0:14  Overlord  
  13  0:18  Drone  
  14  0:32  Drone  
  14  0:33  Drone  
  16  0:40  Drone  
  17  0:52  Hatchery  
  17  0:55  Drone  
  17  1:04  Drone  
  18  1:06  Extractor  
  17  1:17  Drone  
  17  1:18  Spawning Pool  
  17  1:30  Drone x2  
  19  1:40  Overlord  
  19  1:57  Drone  
  20  2:04  Queen x2  
  20  2:07  Metabolic Boost  
  24  2:09  Zergling x4  
  26  2:19  Drone x2  
  28  2:30  Drone  
  28  2:31  Drone  
  28  2:35  Overlord  
  28  2:36  Extractor  
  29  2:49  Queen  
  31  2:52  Baneling Nest  
  31  2:53  Queen  
  32  2:58  Drone  
  32  2:59  Drone  
  34  3:10  Overlord  
  34  3:17  Drone  
  35  3:25  Drone x6  
  41  3:39  Lair  
  41  3:42  Overlord  
  41  3:43  Drone  
  42  4:08  Drone x6  
  42  4:09  Drone x4  
  52  4:13  Extractor  
  52  4:15  Extractor  
  50  4:23  Zergling x4  
  51  4:30  Zergling x2  
  51  4:39  Drone  
  51  4:41  Spire  
  51  4:48  Evolution Chamber  
  50  4:53  Overlord  
  50  4:54  Overlord x3  
  50  5:04  Zergling x6  
  53  5:07  Overlord x2  
  53  5:10  Centrifical Hooks  
  53  5:11  Hatchery  
  52  5:20  Overlord  
  52  5:21  Overlord  
  52  5:22  Drone  
  52  5:23  Drone  
  54  5:33  Drone x4  
  58  5:43  Baneling x2  
  58  5:44  Zergling x6  
  58  5:45  Zergling x2  
  62  5:55  Mutalisk x2  
  62  5:56  Mutalisk  
  67  5:57  Mutalisk  
  65  6:21  Mutalisk x4  
  65  6:23  Mutalisk  
  75  6:26  Mutalisk  
  77  6:35  Queen  
  77  6:36  Mutalisk  
  81  6:48  Mutalisk x3  
  87  6:58  Drone  
  87  6:59  Drone x6  
  94  7:08  Baneling x6  
  94  7:10  Overlord  
  94  7:21  Zerg Melee Weapons Level 1  
  94  7:22  Drone x5  
  99  7:23  Drone x2  
  99  7:41  Mutalisk x3  
  94  7:49  Queen  
  96  7:55  Mutalisk x2  
  100  8:00  Zergling x2  
  100  8:01  Zergling x26  
  114  8:06  Spore Crawler  
  114  8:10  Spore Crawler  
  114  8:11  Spore Crawler, Drone x3  
  114  8:13  Spore Crawler  
  109  8:27  Mutalisk x2  
  109  8:29  Overlord x3  
  109  8:30  Overlord  
  113  8:35  Drone  
  113  8:36  Spore Crawler  
  107  8:56  Mutalisk x4  
  114  9:13  Baneling x9  
  114  9:19  Hatchery  
  114  9:23  Evolution Chamber  
  112  9:30  Zergling x2  
  112  9:31  Zergling x42  
  129  9:48  Mutalisk x4  
  130  9:52  Overlord  
  130  9:53  Spore Crawler, Overlord x3  
  130  9:55  Spore Crawler  
  130  9:58  Zerg Flyer Weapons Level 1  
  123  10:14  Mutalisk  
  124  10:25  Mutalisk x2, Drone x4  
  124  10:26  Extractor  
  124  10:27  Extractor  
  109  10:32  Spine Crawler  
  109  10:33  Spine Crawler  
  107  10:39  Zerg Ground Armor Level 1  
  107  10:41  Spine Crawler  
  106  10:51  Mutalisk  
  106  10:53  Zergling x30  
  106  10:54  Zergling x12  
  129  11:07  Spore Crawler, Drone x3  
  129  11:08  Mutalisk, Drone x3  
  136  11:11  Mutalisk  
  138  11:22  Baneling Nest  
  120  11:54  Mutalisk x3  
  120  11:55  Mutalisk x4  
  128  12:16  Overlord x4  
  119  12:24  Baneling  
  119  12:25  Baneling x4  
  83  12:30  Mutalisk x5  
  70  12:44  Zergling x14  
  70  12:45  Zergling x32  
  67  13:00  Mutalisk x2  
  51  13:27  Mutalisk  
  51  13:28  Mutalisk x5  
  60  13:47  Mutalisk x2  
  63  13:53  Zergling x2  
  63  13:54  Zergling x6  
Tags
 
Add a new tag
Caveats
  • Supply blocks, unpowered buildings, or Contaminate may cause inaccurate times.
  • Supply counts are checked every 10 seconds.